 Dungeon Crawl Stone Soup version 0.31-a0-43-g46d131a48f (webtiles) character file.

Game seed: 5283194824709264522

128054 bmack86 the Severer (level 16, 0/149 HPs)
             Began as a Minotaur Fighter on May 18, 2023.
             Was a High Priest of Okawaru.
             Slain by a balrug
             ... wielding a +1 vampiric demon whip
             ... summoned by Asterion
              (13 damage)
             ... on level 3 of the Snake Pit on May 19, 2023.
             The game lasted 01:17:06 (22649 turns).

bmack86 the Severer (Minotaur Fighter)             Turns: 22649, Time: 01:17:06

Health: 0/149      AC: 44    Str: 31    XL:     16   Next: 47%
Magic:  22/23      EV:  9    Int:  5    God:    Okawaru [*****.]
Gold:   1994       SH: 16    Dex: 16    Spells: 15/15 levels left

rFire   + . .        I - +8 broad axe (heavy)
rCold   + . .        b - +1 kite shield {rPois}
rNeg    . . .        x - +11 crystal plate armour of the Oily Hart {*Slow rF+ rC+ Dex+4}
rPois   +            r - +2 hat
rElec   .            e - +0 cloak "Doexky Luaf" {Will+ rCorr Str-2 Stlth+}
rCorr   +            (no gloves)
SInv    .            E - +2 pair of boots
Will    +++..        o - amulet of regeneration Stlth
                     B - ring of willpower
HPRegen 1.24/turn    L - +6 ring of strength
MPRegen 0.18/turn

%: slow self (1%)
@: on fire, heroic, glowing, studying Maces & Flails
A: horns 2, retaliatory headbutt
a: Renounce Religion, Heroism, Finesse, Duel


You were on level 3 of the Snake Pit.
You worshipped Okawaru.
Okawaru was extremely pleased with you.
You visited 5 branches of the dungeon, and saw 26 of its levels.
You also visited: Sewer, Ice Cave and Volcano.

You collected 2440 gold pieces.
You spent 446 gold pieces at shops.

Inventory:

Hand Weapons
 I - a +8 heavy broad axe (weapon)
 Z - a +4 broad axe of venom
Missiles
 a - 5 silver javelins
 s - 2 curare-tipped darts
 A - 13 javelins
 G - 3 throwing nets
 Q - 2 silver boomerangs
Armour
 b - a +1 kite shield of poison resistance (worn)
 c - the +0 hat of Betor {rF++ Stlth-}
   (Okawaru gifted it to you on level 12 of the Dungeon)

   rF:        It greatly protects you from fire.
   Stlth:     It makes you less stealthy.
 e - the +0 cloak "Doexky Luaf" (worn) {Will+ rCorr Str-2 Stlth+}
   (You acquired it on level 3 of the Dungeon)

   Str:       It affects your strength (-2).
   rCorr:     It protects you from acid and corrosion.
   Will:      It increases your willpower.
   Stlth:     It makes you more stealthy.
 r - a +2 hat (worn)
 x - the +11 crystal plate armour of the Oily Hart (worn) {*Slow rF+ rC+ Dex+4}
   (Okawaru gifted it to you on level 2 of the Orcish Mines)

   Dex:       It affects your dexterity (+4).
   rF:        It protects you from fire.
   rC:        It protects you from cold.
   *Slow:     It may slow you when you take damage.
 E - a +2 pair of boots (worn)
 U - a +3 plate armour
 Y - the +18 shield of the Gong {Loud rN+ Will+ rCorr EV-5}
   (You found it on level 14 of the Dungeon)

   Loud:      It is deafeningly noisy when blocking attacks.
   EV:        It affects your evasion (-5).
   rN:        It protects you from negative energy.
   rCorr:     It protects you from acid and corrosion.
   Will:      It increases your willpower.
Jewellery
 i - a ring of ice
 o - an amulet of regeneration (around neck)
 q - a ring of ice
 y - a ring of protection from fire
 B - a ring of willpower (left hand)
 H - a +5 ring of evasion
 L - a +6 ring of strength (right hand)
 P - a +6 ring of dexterity
Wands
 z - a wand of digging (12)
 C - a wand of roots (13)
 D - a wand of flame (20) (quivered)
 F - a wand of mindburst (13)
 K - a wand of paralysis (5)
 R - a wand of polymorph (11)
Scrolls
 m - 11 scrolls of teleportation
 n - 4 scrolls of identify
 p - 8 scrolls of amnesia
 t - 4 scrolls of fog
 M - a scroll of enchant armour
 N - 2 scrolls of silence
 X - 3 scrolls of magic mapping
Potions
 d - 6 potions of might
 f - 6 potions of brilliance
 g - a potion of invisibility
 h - 6 potions of mutation
 j - 10 potions of heal wounds
 k - 11 potions of ambrosia
 l - a potion of cancellation
 u - 2 potions of berserk rage
 v - 2 potions of flight
 w - 2 potions of haste
 J - 2 potions of resistance
 S - a potion of magic
 T - 6 potions of curing


   Skills:
 + Level 15.2(20.2) Fighting
 + Level 18.4(23.4) Axes
 - Level 10.0(15.0) Throwing
 + Level 13.8(18.8) Armour
 + Level 13.7(18.7) Shields
 + Level 11.2 Invocations
 - Level 8.0 Evocations


You had 15 spell levels left.
You didn't know any spells.
Your spell library contained the following spells:

 Spells                   Type           Power      Damage    Failure   Level
 Apportation              Tloc           0%         N/A       100%        1
 Freeze                   Ice            0%         1d3       100%        1
 Necrotise                Necr           0%         1d4       100%        1
 Slow                     Hex            0%         N/A       100%        1
 Cigotuvi's Dreadful Rot  Necr/Pois/Air  0%         N/A       100%        2
 Lesser Beckoning         Tloc           0%         N/A       100%        2
 Confusing Touch          Hex            0%         N/A       100%        3
 Frozen Ramparts          Ice            0%         1d1       100%        3
 Gell's Gravitas          Tloc           0%         N/A       100%        3
 Hailstorm                Conj/Ice       0%         3d3       100%        3
 Ignite Poison            Fire/Tmut/Pois 0%         N/A       100%        3
 Portal Projectile        Hex/Tloc       0%         N/A       100%        3
 Teleport Other           Tloc           0%         N/A       100%        3
 Vampiric Draining        Necr           0%         2d6       100%        3
 Vhi's Electric Charge    Tloc/Air       0%         N/A       100%        3
 Dispel Undead            Necr           0%         3d6       100%        4
 Ice Form                 Ice/Tmut       0%         N/A       100%        4
 Arcjolt                  Conj/Air       0%         1d10      100%        5
 Blade Hands              Tmut           0%         N/A       100%        5
 Freezing Cloud           Conj/Ice/Air   0%         6-21      100%        5
 Irradiate                Conj/Tmut      0%         3d11      100%        5
 Plasma Beam              Fire/Air       0%         2x1d11    100%        6
 Dragon Form              Tmut           0%         N/A       100%        7
 Summon Small Mammal      Summ           Unusable   N/A       N/A         1
 Tukima's Dance           Hex            Unusable   N/A       N/A         3
 Summon Ice Beast         Ice/Summ       Unusable   N/A       N/A         4
 Death Channel            Necr           Unusable   N/A       N/A         6

Dungeon Overview and Level Annotations

Branches:
Dungeon (15/15)            Temple (1/1) D:6            Lair (5/5) D:10
  Swamp (0/4) Lair:3        Snake (3/4) Lair:2        Slime (0/5) Lair:4
    Orc (2/2) D:12            Elf (0/3) Orc:2        Vaults (0/5) D:14
 Depths (0/4) D:15          Sewer (visited)           IceCv (visited)
Volcano (visited)

Altars:
Ashenzari
Cheibriados
Dithmenos
Elyvilon
Fedhas
Gozag
Hepliaklqana
Kikubaaqudgha
Makhleb
Nemelex Xobeh
Okawaru
Qazlal
Ru
Sif Muna
Trog
Uskayaw
Vehumet
Wu Jian
Xom
Yredelemnul
Zin
The Shining One
Lugonu

Shops:
D:7 [?   D:11 ?   Orc:2 =:(*[

Portals:
Abyss: Lair:5

Annotations:
D:5 2 runed translucent doors, Monarks's ghost, amateur DgTm
D:8 2 transporters, dracfodder's ghost, novice OgBe
D:15 1 runed translucent door, bande's ghost, adept GrFi
Snake:3 Asterion


Innate Abilities, Weirdness & Mutations

You have a pair of horns on your head.
You reflexively headbutt those who attack you in melee.


Message History

You chop the shock serpent into pieces!!!!
You kill the shock serpent!
Okawaru accepts your kill.
You miss the +0 spectral broad axe.
The air sparks with electricity, shocking you!
* * * LOW HITPOINT WARNING * * *
You feel sick.
The +0 spectral broad axe hits you but does no damage.
Asterion says, "No maze can contain me."
Asterion hits you but does no damage.
The +0 spectral broad axe closely misses you.
Asterion gores you but does no damage. You block the balrug's attack.
You block the +0 spectral broad axe's attack.
Asterion hits you with a +0 spectral broad axe.
* * * LOW HITPOINT WARNING * * *
The +0 spectral broad axe barely misses you.
Asterion closely misses you. Asterion blocks your attack.
Asterion is heavily wounded.
You slice the +0 spectral broad axe!!
Asterion shares his spectral weapon's damage!
The +0 spectral broad axe disappears.
You miss the balrug.
You feel sick.
You are no longer poisoned.
The balrug gestures at you.
The sticky flame hits you but does no damage.
You are covered in liquid flames!
Asterion hits you but does no damage. The +0 spectral broad axe hits you.
* * * LOW HITPOINT WARNING * * *
Asterion gores you but does no damage.
A +0 spectral broad axe comes into view.
You slash the balrug! Your headbutt misses the balrug.
The balrug is almost dead.
You barely miss the +0 spectral broad axe.
Asterion blocks your attack.
You are covered in liquid flames!
* * * LOW HITPOINT WARNING * * *
The balrug hits you with a +1 vampiric demon whip!!
* * * LOW HITPOINT WARNING * * *
You are engulfed in flames!
You resist.
You die...

..............
......#.....#.#
.............>##
......#.....#...
....#.........## .
......?.#.#.....
#.......†(H.......
##.##...##(@2......
...###........##........
...#...........#........
.#......................
..#...........#.........
#......................
#...........####.......
# #........### #......
####......## #..###


You could see Asterion (fast), a balrug (summoned) and a +0 spectral broad axe.

Vanquished Creatures
  Vashnia (Snake:2)
  Saint Roka (Orc:2)
  Mlioglotl (Snake:2)
  The ghost of patfeehan111222 the Cleaver, a journeyman DsBe of Trog (Orc:2)
  A bunyip (shapeshifter) (Lair:5)
  A red draconian (Volcano)
  An entropy weaver (shapeshifter) (D:15)
  Josephine (Orc:2)
  An ice dragon (D:14)
  4 hydras
  4 ogre magi (Orc:2)
  7 boulder beetles
  A centaur warrior (D:14)
  13 two-headed ogres
  4 death yaks (Lair:4)
  3 naga warriors
  7 naga sharpshooters (Snake:2)
  2 tengu warriors (D:14)
  3 thrashing horrors (Lair:5)
  4 shock serpents
  2 skysharks (Lair:4)
  A salamander mystic (Snake:2)
  An orb spider (shapeshifter) (Lair:5)
  Pikel (D:8)
  A necromancer (Lair:5)
  3 deep elf pyromancers
  An oklob plant (Lair:3)
  11 ugly things
  5 salamanders
  2 mana vipers (Snake:2)
  An orc sorcerer (Orc:2)
  A cyclops (shapeshifter) (Lair:5)
  8 manticores
  18 black mambas
  9 cyclopes
  17 elephants
  2 guardian serpents (Snake:3)
  7 gargoyles
  A smoke demon (Lair:5)
  6 naga magi
  2 vault sentinels (D:14)
  3 ice statues (IceCv)
  A large abomination (Lair:5)
  3 torpor snails
  A cane toad (shapeshifter) (D:15)
  13 cane toads
  5 yaktaurs (D:15)
  6 rime drakes
  A komodo dragon (shapeshifter) (D:14)
  A yaktaur (shapeshifter) (D:13)
  Maggie (D:9)
  2 molten gargoyles (Volcano)
  A tengu conjurer (D:13)
  A freezing wraith (IceCv)
  3 efreet
  7 komodo dragons
  An anaconda simulacrum (IceCv)
  3 ancient zymes (Lair:5)
  3 trolls
  A meliai (shapeshifter) (D:14)
  A queen bee (D:13)
  Prince Ribbit (D:6)
  3 polar bears
  3 meliai (D:13)
  29 blink frogs
  9 slime creatures
  A shadow (D:11)
  6 spriggans (Lair:1)
  Eustachio (D:6)
  4 wraiths
  Sigmund (D:6)
  7 wyverns
  A vampire (D:9)
  3 ynoxinuls (Lair:5)
  55 yaks
  Grum (Lair:1)
  10 basilisks
  3 vampire mosquitoes (D:13)
  2 death yak simulacra (IceCv)
  2 steam dragons
  A warg (shapeshifter) (D:13)
  A harpy simulacrum (IceCv)
  4 wargs
  13 nagas
  21 water moccasins
  Duvessa (D:6)
  20 orc warriors
  3 ice beasts
  26 ogres
  8 wolves
  2 centaurs
  2 phantoms
  4 lemures (D:8)
  2 kobold brigands
  4 gnoll sergeants
  7 bullfrogs
  3 cane toad simulacra (IceCv)
  A scorpion (D:6)
  Dowan (D:6)
  7 wights
  28 killer bees
  10 howler monkeys
  An electric eel (D:12)
  3 hounds (D:5)
  17 jellies
  13 orc priests
  2 gnoll boudas
  Terence (D:2)
  3 iguanas
  19 orc wizards
  3 polar bear simulacra
  3 yak simulacra (Lair:5)
  4 wolf simulacra (Lair:5)
  12 small abominations (Lair:5)
  28 gnolls
  8 adders
  5 river rats
  A shadow imp (D:5)
  2 ufetubi
  2 worms
  3 dart slugs
  71 orcs
  8 bats
  9 endoplasms
  4 giant cockroaches
  5 goblins
  10 hobgoblins
  16 jackals
  3 quokkas
  12 ball pythons
  A frilled lizard (Sewer)
  14 kobolds
  7 rats
  2 river rat simulacra (Lair:5)
  3 spectral weapons (Snake:3)
825 creatures vanquished.

Notes
Turn   | Place    | Note
-------+----------+-------------------------------------------
     0 | D:1      | bmack86 the Minotaur Fighter began the quest for the Orb.
     0 | D:1      | Reached XP level 1. HP: 19/19 MP: 0/0
    62 | D:1      | Reached skill level 3 in Axes
   104 | D:1      | Reached XP level 2. HP: 25/26 MP: 1/1
   248 | D:1      | Found a faded altar of an unknown god.
   874 | D:2      | Reached skill level 4 in Axes
   874 | D:2      | Reached XP level 3. HP: 24/33 MP: 2/2
  1211 | D:2      | Noticed Terence
  1215 | D:2      | Killed Terence
  1216 | D:2      | Reached XP level 4. HP: 39/40 MP: 3/3
  1584 | D:3      | Reached skill level 5 in Axes
  1618 | D:3      | Identified a scroll of acquirement
  1618 | D:3      | Acquired the +0 cloak "Doexky Luaf" {Will+ rCorr Str-2
                  | Stlth+}
  1931 | D:3      | Found a glowing drain.
  1935 | Sewer    | Entered a sewer
  1951 | Sewer    | Reached XP level 5. HP: 38/47 MP: 4/4
  2088 | Sewer    | Reached skill level 5 in Fighting
  2088 | Sewer    | Reached skill level 6 in Axes
  2825 | D:3      | Reached XP level 6. HP: 56/56 MP: 5/5
  3261 | D:3      | Found a snail-covered altar of Cheibriados.
  3485 | D:4      | Found a burning altar of Makhleb.
  3508 | D:4      | Reached skill level 7 in Axes
  3508 | D:4      | Reached skill level 1 in Throwing
  3871 | D:5      | Entered Level 5 of the Dungeon
  4023 | D:5      | Noticed an ice beast
  4033 | D:5      | Killed an ice beast
  4034 | D:5      | Reached XP level 7. HP: 49/62 MP: 6/6
  4096 | D:5      | Found a large runed translucent door.
  4098 | D:5      | Found a large runed translucent door.
  4101 | D:5      | Noticed Monarks's ghost (amateur DgTm)
  4248 | D:5      | Reached skill level 8 in Axes
  4956 | D:6      | Noticed Prince Ribbit
  4964 | D:6      | Killed Prince Ribbit
  4965 | D:6      | Reached skill level 9 in Axes
  4965 | D:6      | Reached XP level 8. HP: 53/71 MP: 7/7
  5112 | D:6      | Noticed Eustachio
  5126 | D:6      | Killed Eustachio
  5127 | D:6      | Reached skill level 10 in Axes
  5159 | D:6      | Noticed Dowan
  5161 | D:6      | Noticed Duvessa
  5166 | D:6      | Killed Duvessa
  5177 | D:6      | Killed Dowan
  5256 | D:6      | Found a staircase to the Ecumenical Temple.
  5265 | Temple   | Entered the Ecumenical Temple
  5272 | Temple   | Became a worshipper of Warmaster Okawaru
  5354 | D:6      | Noticed Sigmund
  5359 | D:6      | Killed Sigmund
  5434 | D:6      | Reached skill level 1 in Invocations
  5438 | D:6      | Reached XP level 9. HP: 72/81 MP: 8/8
  6011 | D:7      | Reached * piety under Okawaru
  6063 | D:7      | Found Anahutad's Magic Scroll Emporium.
  6135 | D:7      | Reached skill level 5 in Throwing
  6186 | D:7      | Reached skill level 11 in Axes
  6203 | D:7      | Reached skill level 5 in Shields
  6270 | D:7      | Found Ydicw's Armour Shop.
  6715 | D:7      | Reached skill level 5 in Armour
  6981 | D:8      | Noticed Pikel
  7009 | D:8      | Killed Pikel
  7009 | D:8      | Reached ** piety under Okawaru
  7360 | D:8      | Reached XP level 10. HP: 90/90 MP: 11/11
  7397 | D:8      | Reached *** piety under Okawaru
  7541 | D:8      | Found a transporter.
  7545 | D:8      | Found a transporter.
  7545 | D:8      | Noticed dracfodder's ghost (novice OgBe)
  7937 | D:9      | Noticed Maggie
  7943 | D:9      | Reached skill level 12 in Axes
  7951 | D:9      | Killed Maggie
  8451 | D:10     | Entered Level 10 of the Dungeon
  8451 | D:10     | Noticed a gargoyle
  8456 | D:10     | Killed a gargoyle
  8471 | D:10     | Found a staircase to the Lair.
  8484 | D:10     | Reached **** piety under Okawaru
  8605 | D:10     | Found a white marble altar of Elyvilon.
  8605 | D:10     | Found a hazy altar of Hepliaklqana.
  8605 | D:10     | Found an opulent altar of Gozag.
  8746 | D:10     | Received a gift from Okawaru
  8750 | D:10     | Reached XP level 11. HP: 86/97 MP: 13/13
  8752 | D:10     | Reached skill level 13 in Axes
  8815 | D:10     | Found a blossoming altar of Fedhas.
  8819 | D:10     | Found an ancient bone altar of Kikubaaqudgha.
  9374 | D:7      | Bought a scroll of teleportation for 39 gold pieces
  9374 | D:7      | Bought a scroll of teleportation for 39 gold pieces
  9374 | D:7      | Bought a scroll of enchant weapon for 97 gold pieces
  9374 | D:7      | Bought a scroll of teleportation for 39 gold pieces
  9445 | D:11     | Reached ***** piety under Okawaru
  9453 | D:11     | Noticed a boulder beetle
  9463 | D:11     | Killed a boulder beetle
  9463 | D:11     | Received a gift from Okawaru
  9464 | D:11     | Reached skill level 5 in Invocations
  9477 | D:11     | Received a gift from Okawaru
  9669 | D:11     | Found a frozen archway.
  9671 | D:11     | Noticed a white ugly thing
  9680 | D:11     | Killed a white ugly thing
  9890 | IceCv    | Entered an ice cave
  9895 | IceCv    | Reached skill level 10 in Fighting
 10073 | IceCv    | Noticed a white ugly thing
 10083 | IceCv    | Killed a white ugly thing
 10314 | IceCv    | Reached skill level 1 in Evocations
 10683 | D:11     | Found Mocib's Magic Scroll Shoppe.
 10700 | D:11     | Received a gift from Okawaru
 10740 | D:11     | Reached skill level 14 in Axes
 10840 | D:11     | Found a sparkling altar of Nemelex Xobeh.
 11113 | D:12     | Received a gift from Okawaru
 11273 | D:12     | Found a staircase to the Orcish Mines.
 11435 | D:12     | Reached XP level 12. HP: 107/107 MP: 15/15
 11474 | D:12     | Identified the +0 hat of Betor {rF++ Stlth-} (Okawaru
                  | gifted it to you on level 12 of the Dungeon)
 11474 | D:12     | Received a gift from Okawaru
 11556 | D:12     | Noticed a two-headed ogre
 11563 | D:12     | Killed a two-headed ogre
 13021 | D:14     | Reached skill level 15 in Axes
 13073 | D:14     | Noticed a tengu warrior
 13073 | D:14     | Noticed a tengu warrior
 13079 | D:14     | Killed a tengu warrior
 13089 | D:14     | Killed a tengu warrior
 13301 | D:14     | Noticed a boulder beetle
 13311 | D:14     | Killed a boulder beetle
 13433 | D:14     | Reached XP level 13. HP: 106/116 MP: 17/17
 13440 | D:14     | Found the +18 shield of the Gong {Loud rN+ Will+ rCorr
                  | EV-5}
 13459 | D:14     | Received a gift from Okawaru
 13598 | D:14     | Found a gate to the Vaults.
 13820 | D:14     | Found a glowing silver altar of Zin.
 13820 | D:14     | Noticed an angel
 13873 | D:15     | Entered Level 15 of the Dungeon
 14200 | D:15     | Noticed bande's ghost (adept GrFi)
 14214 | D:15     | Found a runed translucent door.
 14367 | D:15     | Received a gift from Okawaru
 14524 | D:15     | Reached skill level 16 in Axes
 14524 | D:15     | Reached skill level 10 in Armour
 14525 | D:15     | Received a gift from Okawaru
 14556 | D:15     | Reached skill level 10 in Shields
 14583 | D:15     | Identified the +2 robe "Lipriti" {rC+ Int+3}
 14671 | D:15     | Found a staircase to the Depths.
 15087 | Lair:1   | Entered Level 1 of the Lair of Beasts
 15087 | Lair:1   | Noticed Grum
 15105 | Lair:1   | Killed Grum
 15268 | Lair:2   | Found a dark tunnel.
 15294 | Volcano  | Entered a volcano
 15317 | Volcano  | Reached skill level 5 in Evocations
 15333 | Volcano  | Received a gift from Okawaru
 15443 | Volcano  | Noticed an orb of fire
 15444 | Volcano  | Noticed a red draconian
 15456 | Volcano  | Killed a red draconian
 15470 | Volcano  | Noticed an orb of fire
 15796 | Lair:2   | Found a staircase to the Snake Pit.
 15828 | Lair:2   | Reached XP level 14. HP: 123/127 MP: 19/19
 16098 | Lair:1   | Received a gift from Okawaru
 17062 | Snake:1  | Entered Level 1 of the Snake Pit
 17100 | Lair:3   | Found a staircase to the Swamp.
 17152 | Lair:3   | Reached skill level 17 in Axes
 17772 | Lair:4   | Received a gift from Okawaru
 17809 | Lair:4   | Received a gift from Okawaru
 17972 | Lair:4   | Reached skill level 10 in Throwing
 17977 | Lair:4   | Received a gift from Okawaru
 18184 | Lair:4   | Received a gift from Okawaru
 18324 | Lair:4   | Found a staircase to the Slime Pits.
 18716 | Lair:5   | Entered Level 5 of the Lair of Beasts
 18832 | Lair:5   | Reached XP level 15. HP: 100/136 MP: 12/20
 18843 | Lair:5   | Reached skill level 18 in Axes
 18894 | Lair:5   | Received a gift from Okawaru
 19023 | Lair:5   | Received a gift from Okawaru
 19377 | Lair:5   | Received a gift from Okawaru
 19826 | Lair:5   | Reached ****** piety under Okawaru
 19829 | Lair:5   | Received a gift from Okawaru
 19838 | Lair:5   | Found a corrupted altar of Lugonu.
 19838 | Lair:5   | Found a one-way gate to the infinite horrors of the Abyss.
 20522 | Orc:1    | Entered Level 1 of the Orcish Mines
 20693 | Orc:1    | You fall into a shaft and drop 1 floor!
 20693 | Orc:2    | Entered Level 2 of the Orcish Mines
 20731 | Orc:2    | Noticed Saint Roka
 20747 | Orc:2    | Reached skill level 10 in Invocations
 20747 | Orc:2    | Killed Saint Roka
 20807 | Orc:2    | Noticed Josephine
 20815 | Orc:2    | Killed Josephine
 20853 | Orc:2    | Identified the +11 crystal plate armour of the Oily Hart
                  | {*Slow rF+ rC+ Dex+4} (Okawaru gifted it to you on level 2
                  | of the Orcish Mines)
 20853 | Orc:2    | Received a gift from Okawaru
 20884 | Orc:2    | Found Ebuozxy's Assorted Antiques.
 20884 | Orc:2    | Found Gyzxure's Weapon Shoppe.
 20885 | Orc:2    | Found Inojef's Book Shoppe.
 20885 | Orc:2    | Found Ustragaa's Jewellery Shop.
 20892 | Orc:2    | Bought a scroll of enchant armour for 232 gold pieces
 20929 | Orc:2    | Found Uzxasu's Armour Shop.
 20948 | Orc:2    | Found a staircase to the Elven Halls.
 21027 | Orc:2    | Found a runed translucent door.
 21029 | Orc:2    | Noticed patfeehan111222's ghost (journeyman DsBe)
 21056 | Orc:2    | Killed patfeehan111222's ghost
 21690 | Snake:2  | Reached XP level 16. HP: 147/147 MP: 22/22
 21970 | Snake:2  | Noticed Vashnia
 21983 | Snake:2  | Killed Vashnia
 21983 | Snake:2  | Received a gift from Okawaru
 22001 | Snake:2  | Reached skill level 15 in Fighting
 22145 | Snake:2  | Noticed Mlioglotl
 22152 | Snake:2  | Killed Mlioglotl
 22633 | Snake:3  | Noticed Asterion
 22637 | Snake:3  | Received a gift from Okawaru
 22649 | Snake:3  | Slain by a balrug

Illustrated notes

Levels and vault maps discovered:
D:1:      nzn_arrival_water_spiral, layout_basic,
          shapermc_ecumenical_altar_hornbeckon, reono_crystal_passage,
          minmay_crystal_water
D:2:      layout_basic, minmay_joined_circles, uniq_terence
D:3:      layout_basic, mainiacjoe_overflow_alcove_1, gup_sewer_entry_bowl,
          feat_on_display
D:4:      layout_cave_pools, mainiacjoe_overflow_concentric_impassable
D:5:      layout_basic, ebering_ghost_disaster_area
D:6:      layout_cave_pools, minmay_temple_entry_poolview, uniq_eustachio,
          uniq_duvessa, uniq_sigmund, uniq_prince_ribbit1
D:7:      layout_gridville, serial_shops, shop, nicolae_stop_n_shop_2
D:8:      layout_loops_ring, gammafunk_ghost_hive, uniq_pikel
D:9:      layout_big_octagon, uniq_maggie
D:10:     layout_irregular_city, grunt_temple_overflow_growth_and_decay,
          gammafunk_temple_overflow_claw, lair_entry_dummy
D:11:     layout_rooms, portal_ice_cave_rime, serial_shops,
          nicolae_take_the_stairs, nemelex_spade_bored_becter
D:12:     layout_roguey, erik_orc_3, hangedman_decor_growths, minivault_14,
          kennysheep_opposing_triangles
D:13:     layout_basic, special_room [special_room_bee], grunt_ministairs_7
D:14:     layout_roguey, david_vaults_4, zin_angel, hellmonk_guarded_unrand_gong
D:15:     hangedman_depths_entry_try_elsewhere_first, layout_loops_ring,
          hellmonk_ghost_happy_afterlife
Temple:   minmay_freezing_vapour_temple
Lair:1:   kb_forest_paths, layout_hall_layers, uniq_grum
Lair:2:   layout_layer_cave, minmay_snake_entry_six_corridors, enter_volcano_2
Lair:3:   layout_roguey, minmay_swamp_entry_reptiles
Lair:4:   layout_cave_pods, minmay_slime_entry_jelly_boxes, beast_lair_carwin_2,
          lemuel_fruit_fields
Lair:5:   hellmonk_lair_end_abyssal_woods, layout_cave_pods,
          eino_house_with_fridge, grunt_megastairs_1, serial_bayou_shore_a
Snake:1:  layout_rooms, serial_bayou, serial_bayou_pond_a, serial_bayou_pond_d,
          serial_bayou_lagoon_b, serial_bayou_lagoon_a, serial_bayou_pond_d,
          serial_bayou_pond_c
Snake:2:  layout_misc_corridors, uniq_vashnia, uniq_mlioglotl
Snake:3:  layout_chambers, basic_altar, st_stairs_2, uniq_aizul, uniq_asterion
Orc:1:    layout_caves
Orc:2:    st_orc_ogre_mass, layout_caves, serial_shops, nicolae_square_shop,
          ebering_ghost_reflecting_pool, uniq_saint_roka, uniq_josephine

Skill      XL: |  1  2  3  4  5  6  7  8  9 10 11 12 13 14 15 16 |
---------------+-------------------------------------------------+-----
Axes           | 3 4 5 6 7 9 10 11 12 14 15 16 17 18 | 18.4
Fighting       | 4 5 6 7 8 9 10 11 12 13 14 15 | 15.2
Throwing       | 1 3 4 5 6 7 8 9 10 | 10.0
Armour         | 4 5 7 8 9 10 11 13 | 13.8
Shields        | 4 5 7 8 9 10 11 13 | 13.7
Invocations    | 1 3 4 6 7 8 9 10 11 | 11.2
Evocations     | 2 3 5 6 8 |  8.0

Action                     |  1- 3 |  4- 6 |  7- 9 | 10-12 | 13-15 | 16-18 || total
---------------------------+-------+-------+-------+-------+-------+-------++-------
  Melee: War axe           |    57 |   186 |   204 |    64 |       |       ||   511
         Headbutt          |     9 |    26 |    44 |    76 |   135 |    17 ||   307
         Hand axe          |       |       |    13 |       |       |       ||    13
         Broad axe         |       |       |       |   288 |   677 |   103 ||  1068
 Invoke: Heroism           |       |       |       |     9 |     5 |     3 ||    17
         Finesse           |       |       |       |     2 |     5 |     2 ||     9
  Evoke: Wand              |       |       |    14 |    17 |     9 |       ||    40
    Use: Scroll            |     4 |    11 |     9 |    10 |     2 |       ||    36
         Potion            |       |     4 |     1 |     1 |       |       ||     6
 Armour: Scale mail        |    38 |    70 |    35 |       |       |       ||   143
         Plate armour      |       |       |    89 |   244 |   295 |       ||   628
         Crystal plate arm |       |       |       |       |     4 |    98 ||   102
  Dodge: Dodged            |    43 |    71 |    73 |   197 |    69 |    39 ||   492
  Block: Buckler           |    18 |    38 |    56 |   145 |       |       ||   257
         Kite shield       |       |       |       |    12 |   787 |   116 ||   915

Table legend: (Time is in decaauts)
 A = Elapsed time spent in this place.
 B = Non-inter-level travel time spent in this place.
 C = Inter-level travel time spent in this place.
 D = Time resting spent in this place.
 E = Time spent auto-exploring this place.
 F = Levels seen in this place.
 G = Mean time per level.
                   A        B        C        D        E       F      G
               +--------+--------+--------+--------+--------+-----+--------+
         Total |  23032 |  21853 |   1179 |   1751 |  13420 |  29 |  794.2 |
       Dungeon |  14059 |  13241 |    818 |   1196 |   8676 |  15 |  937.3 |
        Temple |     14 |     14 |      0 |      0 |      0 |   1 |   14.0 |
          Lair |   5114 |   4794 |    320 |      0 |   3196 |   5 | 1022.8 |
     Snake Pit |   1005 |    988 |     17 |    110 |    491 |   3 |  335.0 |
  Orcish Mines |    968 |    946 |     22 |      0 |    604 |   2 |  484.0 |
         Sewer |    916 |    916 |      0 |    155 |    281 |   1 |  916.0 |
      Ice Cave |    619 |    619 |      0 |    290 |    131 |   1 |  619.0 |
       Volcano |    335 |    335 |      0 |      0 |     40 |   1 |  335.0 |
               +--------+--------+--------+--------+--------+-----+--------+

Top non-repeatable levels by time:
  Lair:5: 1631 daAuts
     D:7: 1251 daAuts
  Lair:2: 1213 daAuts
    D:14: 1151 daAuts
    D:12: 1108 daAuts
     D:5: 1091 daAuts
    D:10: 1066 daAuts
    D:11: 1055 daAuts
     D:3: 1019 daAuts
  Lair:4: 994 daAuts
    D:13: 984 daAuts
     D:8: 964 daAuts
   Sewer: 916 daAuts
    D:15: 883 daAuts
 Snake:2: 840 daAuts
